[Event "*** Titled Tuesday Blitz"]
[Site "Chess.com"]
[Date "2018.12.04"]
[Round "3"]
[White "Berardino"]
[Black "Keaton87"]
[Result "1-0"]
[WhiteElo "2412"]
[BlackElo "2527"]
[TimeControl "180+2"]
[EndTime "13:37:41 PST"]
[Termination "Berardino won by resignation"]

1. d4 d5 2. c4 e6 3. Nc3 Nf6 4.
cxd5 Nxd5 5. e3 Be7 6. Nf3 O-O 7. Bd3 c5 8. O-O cxd4 9. exd4 b6 10. Nxd5 Qxd5 11.
Qc2 f5 12. Re1 Nc6 13. Qa4 Bb4 14. Rd1 Bd7 15. Bb5 Bd6 16. Bc4 Qa5 17. Qb3 Kh8 18.
Bd2 Bb4 19. Bf4 Be7 20. a3 b5 21. Bxe6 Be8 22. d5 Nd8 23. d6 Bf6 24. d7 Bh5 25.
Bd5 Nf7 26. Bxa8 Rxa8 27. Rd5 g5 28. Rxf5 Bg7 29. Nxg5 Nh6 30. Rd5 Qd8 31. Re1 Qf6 32. Bc1 Ng4 33. Qg3 Rd8 34. h3 Nh6 35. Ne4 Qe6 36. Rxh5 Nf5 37. Rxf5 Qxf5 38. Nd6 Qxd7 39.
Bf4 Rf8 40. Be5 Rg8 41. Bxg7+ Rxg7 42. Re8+ Qxe8 43. Qxg7+ Kxg7 44. Nxe8+ Kf7 45. Nc7 1-0

[Event "*** Titled Tuesday Blitz"]
[Site "Chess.com"]
[Date "2018.12.04"]
[Round "3"]
[White "johnathan113"]
[Black "schoolmeester"]
[Result "1/2-1/2"]
[WhiteElo "2539"]
[BlackElo "2745"]
[TimeControl "180+2"]
[EndTime "13:37:43 PST"]
[Termination "Game drawn by repetition"]

1. e4 Nc6 2. Nf3 d6 3. d4 Nf6 4.
Nc3 g6 5. d5 Nb8 6. h3 Bg7 7.
Bc4 O-O 8. O-O c6 9. a4 Nbd7 10.
Re1 cxd5 11. exd5 Nc5 12. Bg5 h6 13. Be3 Bd7 14. a5 Rc8 15. Qe2 Qc7 16. Bd4 Rfe8 17. b3 a6 18. Nd2 e5 19. dxe6 Bxe6 20. Qf3 Ncd7 21. Bxe6 Rxe6 22. Rxe6 fxe6 23. Qg3 e5 24. Qxg6 exd4 25. Nce4 Qxc2 26. Re1 d5 27. Nf3 dxe4 28. Nxd4 Qd2 29. Nf5 Qxe1+ 30. Kh2 Ng4+ 31. hxg4 Qc3 32.
Nxh6+ Kh8 33. Nf7+ Kg8 34. Nh6+ Kh8 35. Nf7+ Kg8 36. Nh6+ Kh8 37. Nf7+ Kg8 38. Nh6+ 1/2-1/2

[Event "*** Titled Tuesday Blitz"]
[Site "Chess.com"]
[Date "2018.12.04"]
[Round "3"]
[White "pedroholly22"]
[Black "abubakrtagelsir"]
[Result "0-1"]
[WhiteElo "2190"]
[BlackElo "2295"]
[TimeControl "180+2"]
[EndTime "13:37:44 PST"]
[Termination "abubakrtagelsir won by resignation"]

1. e4 d6 2. d4 Nf6 3. Nc3 g6 4. f4 Bg7 5. Nf3 c5 6. d5 O-O 7. Be2 b5 8. Bxb5 Nxe4 9. Bd2 Nxc3 10. bxc3 Qa5 11. Bd3 Bxc3 12. O-O c4 13. Be2 Qc5+ 14.
Kh1 Bg7 15. Rb1 c3 16. Be1 Nd7 17. Bf2 Qc7 18. Rb3 Nc5 19. Ra3 Ne4 20. Bd4 Bxd4 21. Qxd4 Qc5 22. Qxc5 dxc5 23. Bd3 Nd2 24. Nxd2 cxd2 25.
Rd1 Rb8 26. h3 Rb4 27. Rxd2 Rxf4 28. Rxa7 Rd4 29. Rxe7 c4 30. Re4 Rxd5 31. Rxc4 Ba6 32. Rc3 Rfd8 33. a4 Rd4 34. a5 Ra4 35. Rc5 Ra3 36.
Rf2 Bxd3 37. cxd3 Raxd3 38. a6 Ra3 39. Rc7 Rf8 40. a7 Kg7 41. Rb2 Re8 42. Rbb7 Re1+ 43. Kh2 Rf1 44. Rb8 Rfa1 45. Rbb7 Rf1 46. Rd7 h5 47.
Rdc7 h4 48. g4 Ra2+ 0-1

[Event "*** Titled Tuesday Blitz"]
[Site "Chess.com"]
[Date "2018.12.04"]
[Round "3"]
[White "Morshynska"]
[Black "gemarin"]
[Result "0-1"]
[WhiteElo "2057"]
[BlackElo "2027"]
[TimeControl "180+2"]
[EndTime "13:37:44 PST"]
[Termination "gemarin won by checkmate"]

1. d4 Nf6 2. c4 e6 3. Nf3 d5 4.
g3 c6 5. Bg2 h6 6. O-O Be7 7. Qc2 O-O 8. Rd1 Nbd7 9. Nc3 b6 10.
Ne5 Bb7 11. f4 Rc8 12. Kh1 Qc7 13. Be3 dxc4 14. Nxc4 c5 15. d5 exd5 16. Nxd5 Nxd5 17. Rxd5 Bxd5 18. Bxd5 b5 19. Nd2 c4 20. Bf3 Rfd8 21.
Kg2 Bf6 22. Ne4 Be7 23. a4 b4 24. h4 Nf6 25. Nxf6+ Bxf6 26. h5 b3 27. Qc1 a5 28.
Rb1 c3 29. bxc3 Qxc3 30. Qg1 b2 31. Bf2 Re8 32. g4 Rcd8 33. Qh2 Bd4 34. Bh4 Qc2 35. Qh1 Rxe2+ 36. Bxe2 Qxe2+ 37. Kh3 Rc8 38. Bg3 Rc3 39. f5 Be5 40. Rg1 b1=Q 41. Rxb1 Rxg3+ 42. Kh4 Qxg4# 0-1

[Event "*** Titled Tuesday Blitz"]
[Site "Chess.com"]
[Date "2018.12.04"]
[Round "3"]
[White "Bryakin_Mikhail"]
[Black "LawrenceTrent"]
[Result "1-0"]
[WhiteElo "2731"]
[BlackElo "2469"]
[TimeControl "180+2"]
[EndTime "13:37:47 PST"]
[Termination "Bryakin_Mikhail won by resignation"]

1. d4 d5 2. Nf3 Nf6 3. c4 e6 4. g3 dxc4 5. Bg2 Bd7 6. Ne5 Bc6 7.
Nxc6 Nxc6 8. O-O Rb8 9. e3 Bd6 10. Qe2 O-O 11. Qxc4 e5 12. Nc3 exd4 13. exd4 Na5 14.
Qa4 c6 15. Bg5 Bc7 16. Ne4 Re8 17. Rac1 b5 18. Qc2 Qxd4 19. Nxf6+ gxf6 20. Bh6 Nc4 21.
Bxc6 Re7 22. b3 Ne5 23. Bg2 Ng4 24. Rcd1 Qb6 25. Bc1 Be5 26. Qf5 Qe6 27. Qf3 f5 28.
Rfe1 Qf6 29. h3 Nh6 30. Qh5 Kg7 31. Bg5 Qe6 32. Bd5 Qd6 33. Bxe7 Qxe7 34. Kg2 Qf6 35. Bf3 Re8 36. Rd5 Re6 37. Rdxe5 Rxe5 38. Rxe5 Qxe5 39.
Qg5+ Kh8 40. Qxh6 Qe7 41. Qf4 Qe6 42. Qd4+ f6 43. Qxa7 f4 44. g4 1-0

[Event "*** Titled Tuesday Blitz"]
[Site "Chess.com"]
[Date "2018.12.04"]
[Round "3"]
[White "LuisFSiles"]
[Black "evgenyermolaev"]
[Result "0-1"]
[WhiteElo "2236"]
[BlackElo "2409"]
[TimeControl "180+2"]
[EndTime "13:37:47 PST"]
[Termination "evgenyermolaev won on time"]

1. e4 c5 2. Nf3 d6 3. d4 cxd4 4. Nxd4 Nf6 5. Nc3 a6 6. h3 e6 7. g4 h6 8. Bg2 g5 9. Be3 Nbd7 10. Qe2 Ne5 11. f4 gxf4 12. Bxf4 Nfd7 13. O-O-O Qc7 14. Nf5 exf5 15. Nd5 Qa5 16. exf5 Bg7 17. f6 Bxf6 18.
Kb1 Bg7 19. g5 h5 20. Rhe1 Kf8 21. g6 Qb5 22. Nc7 Qxe2 23. Rxe2 Rb8 24. Rxd6 fxg6 25. Nd5 Nc4 26. Rf2 Nxd6 27. Bxd6+ Kg8 28. Bxb8 Nxb8 29.
Ne7+ Kh7 30. Be4 Bf5 31. Nxf5 gxf5 32. Bxf5+ Kh6 33. Rg2 Rf8 34. Rg6+ Kh7 35. Rg5+ Kg8 36. Be6+ Kh8 37. Rxh5+ Bh6 38. Rxh6+ Kg7 0-1

[Event "*** Titled Tuesday Blitz"]
[Site "Chess.com"]
[Date "2018.12.04"]
[Round "3"]
[White "Chessmatus"]
[Black "nochewycandy"]
[Result "0-1"]
[WhiteElo "2176"]
[BlackElo "2295"]
[TimeControl "180+2"]
[EndTime "13:37:49 PST"]
[Termination "nochewycandy won by checkmate"]

1. d4 d5 2. Nf3 Nf6 3. c4 c6 4.
g3 g6 5. Bg2 Bg7 6. O-O O-O 7.
b3 Bf5 8. Bb2 Nbd7 9. e3 a5 10.
Nc3 Ne4 11. a4 Nxc3 12. Bxc3 Be4 13. Bh3 Bxf3 14. Qxf3 e6 15. c5 b6 16. cxb6 Qxb6 17.
Rfb1 Qc7 18. b4 axb4 19. Bxb4 Rfb8 20. a5 c5 21. Bc3 Rxb1+ 22. Rxb1 cxd4 23. exd4 Nf6 24.
Qd3 Ne4 25. Bb4 Qa7 26. Rd1 Rb8 27. Be1 Rb2 28. f3 Nd6 29. Bc3 Rb3 30. Qc2 Rb5 31. Bf1 Rb8 32. Qa4 Nf5 33. g4 Nd6 34. a6 Rc8 35. Ba1 h5 36. gxh5 gxh5 37. Rb1 Nf5 38. Rb4 Rc1 39. Bb2 Re1 40. Kf2 Rb1 41.
Bc3 Rxb4 42. Qxb4 Nxd4 43. Kg2 Nf5 44. Qb7 Qe3 45. Bxg7 Nh4+ 46. Kh3 Qxf3+ 47. Kxh4 Qg4# 0-1

[Event "*** Titled Tuesday Blitz"]
[Site "Chess.com"]
[Date "2018.12.04"]
[Round "3"]
[White "JSMastropiero"]
[Black "realcontender"]
[Result "1/2-1/2"]
[WhiteElo "2170"]
[BlackElo "2118"]
[TimeControl "180+2"]
[EndTime "13:37:51 PST"]
[Termination "Game drawn by repetition"]

1. e4 c5 2. Nc3 d6 3. Nge2 g6 4.
d4 cxd4 5. Nxd4 Bg7 6. g3 Nf6 7. Bg2 O-O 8. O-O Bg4 9. f3 Bd7 10. Be3 Nc6 11. Nde2 Ne5 12. b3 Rc8 13. Qd2 b6 14. Nd5 Nxd5 15. exd5 a6 16. h3 f5 17. f4 Nf7 18. Bd4 b5 19. Bxg7 Kxg7 20. Nd4 Qb6 21. Kh2 Nh6 22. Rfe1 Ng8 23. Nc6 Bxc6 24.
dxc6 Rc7 25. Rac1 Nf6 26. c4 b4 27. Re6 Qc5 28. Rce1 Kf7 29. Bf3 a5 30. Bd5 Nxd5 31.
cxd5 a4 32. bxa4 Ra8 33. Qe2 Raa7 34. Qd3 Rxa4 35. R1e2 Ra5 36. Rd2 Qa7 37. g4 Rxa2 38.
gxf5 Rxd2+ 39. Qxd2 gxf5 40. Qe2 Qd4 41. Qh5+ Kf8 42. Qxf5+ Ke8 43. Qxh7 Qf2+ 44. Kh1 Qf1+ 45. Kh2 Qf2+ 46. Kh1 Qf1+ 47. Kh2 Qf2+ 48. Kh1 1/2-1/2

[Event "*** Titled Tuesday Blitz"]
[Site "Chess.com"]
[Date "2018.12.04"]
[Round "3"]
[White "NemtsevIgor"]
[Black "Jooonaaas1996"]
[Result "0-1"]
[WhiteElo "2357"]
[BlackElo "2285"]
[TimeControl "180+2"]
[EndTime "13:37:51 PST"]
[Termination "Jooonaaas1996 won by resignation"]

1. d4 d5 2. Bf4 Nf6 3. Nf3 c5 4. e3 Nc6 5. c3 Qb6 6. Qb3 c4 7. Qc2 Bf5 8. Qc1 e6 9. Nbd2 Nh5 10. Be2 Nxf4 11. exf4 Bd6 12. Ne5 f6 13. g4 fxe5 14. gxf5 exd4 15. Bh5+ g6 16. fxg6 O-O-O 17. Nf3 hxg6 18.
Bxg6 d3 19. Ng5 Bc5 20. Qd2 Rdf8 21. Nxe6 Rf6 22. f5 Ne5 23. O-O-O Nxg6 24. Nxc5 Qxc5 25. fxg6 Rxg6 26. h4 Rf6 27. Rdf1 Qd6 28. Qg5 Qf4+ 29. Qxf4 Rxf4 30. h5 Rh6 31. Kd2 Rf5 32. Rfg1 Rhxh5 33. Rxh5 Rxh5 34. Rg7 Re5 35. f4 Re2+ 36. Kd1 Rf2 37. Rg4 Rxb2 38. Rg5 Rf2 39. Rxd5 Rxf4 40. Rh5 Kc7 41.
a4 Kb6 42. a5+ Ka6 43. Rc5 b6 44. axb6 axb6 45. Rh5 b5 46. Rh8 Rf2 47. Rh6+ Ka5 48. Rh8 Rc2 49. Ra8+ Kb6 50. Rb8+ Kc6 51. Rc8+ Kb7 52. Rg8 Rxc3 0-1

[Event "*** Titled Tuesday Blitz"]
[Site "Chess.com"]
[Date "2018.12.04"]
[Round "3"]
[White "GremioPrudente"]
[Black "cool4chess"]
[Result "0-1"]
[WhiteElo "2118"]
[BlackElo "2253"]
[TimeControl "180+2"]
[EndTime "13:37:52 PST"]
[Termination "cool4chess won on time"]

1. Nf3 d5 2. d4 Nf6 3. c4 c6 4. e3 e6 5. Nbd2 Nbd7 6. Bd3 Bd6 7. O-O O-O 8. e4 dxe4 9. Nxe4 Nxe4 10. Bxe4 Nf6 11.
Bc2 h6 12. Re1 b6 13. b3 Bb7 14. Bb2 Qc7 15. h3 c5 16. dxc5 Bxc5 17. Bxf6 gxf6 18. Qe2 Kh8 19. Be4 Rg8 20. Qd2 Bxe4 21. Rxe4 Rg6 22. Rg4 Rxg4 23. Qxh6+ Kg8 24. hxg4 Qg3 25.
Rf1 Qxg4 26. Qxf6 Bf8 27. Ng5 Qh5 28. Nf3 Bg7 29. Qg5 Qxg5 30. Nxg5 Rd8 31. Rb1 Rd2 32. a4 Bd4 33. Rf1 Rb2 34. Nf3 Bc5 35. Ra1 Rxf2 36.
Kh2 Rb2 37. a5 Rxb3 38. axb6 axb6 39. Nd2 Rc3 40. Ra4 Bd6+ 41. Kg1 Rc1+ 42. Kf2 Bc5+ 43. Ke2 Rg1 44. Ne4 Rxg2+ 45. Kf3 Rc2 46. Nxc5 bxc5 47. Ke3 Rh2 48. Ra8+ Kg7 49. Rc8 Rh5 50. Kf4 Rh4+ 51. Kg3 Rxc4 0-1

[Event "*** Titled Tuesday Blitz"]
[Site "Chess.com"]
[Date "2018.12.04"]
[Round "3"]
[White "djano"]
[Black "IamSchrodingersCat"]
[Result "1-0"]
[WhiteElo "2375"]
[BlackElo "2437"]
[TimeControl "180+2"]
[EndTime "13:37:53 PST"]
[Termination "djano won by resignation"]

1. c4 g6 2. Nc3 Bg7 3. g3 d6 4. Bg2 Nd7 5. e4 e5 6. Nge2 Nh6 7. O-O O-O 8. f4 f5 9. d3 c6 10. Kh1 Qb6 11. Na4 Qc7 12. Be3 Ng4 13. Bg1 exf4 14.
Nxf4 Nde5 15. Rc1 Bd7 16. d4 Nf7 17. c5 fxe4 18. Bxe4 d5 19. Bf3 Nf6 20. Nc3 Rae8 21.
b4 Ng5 22. Bg2 Bg4 23. Qb3 Nfe4 24. Ncxd5 Qf7 25. Ne3 Qxb3 26. axb3 Bd7 27. d5 Nd2 28.
Rfd1 Nxb3 29. Rb1 Nd4 30. Nc4 Ne2 31. Nd6 Nxf4 32. gxf4 Rxf4 33. Nxe8 Bxe8 34. Be3 Rf5 35. b5 Nf3 36. dxc6 bxc6 37. Rd8 Kf7 38. b6 axb6 39.
cxb6 Be5 40. b7 c5 41. b8=Q Bxb8 42. Rdxb8 Bc6 43. Rc8 Bd5 44. Rc7+ Ke6 45. Rb6+ Ke5 46. Re7+ Be6 47. Rexe6+ Kd5 48. Rf6 1-0

[Event "*** Titled Tuesday Blitz"]
[Site "Chess.com"]
[Date "2018.12.04"]
[Round "3"]
[White "hypert"]
[Black "Abdodi"]
[Result "1-0"]
[WhiteElo "2376"]
[BlackElo "2223"]
[TimeControl "180+2"]
[EndTime "13:37:54 PST"]
[Termination "hypert won by checkmate"]

1. e4 c5 2. Nc3 e6 3. Nge2 Nc6 4. g3 Qc7 5. Bg2 a6 6. O-O b5 7. d4 cxd4 8. Nxd4 Bb7 9. Re1 Bc5 10. Nd5 Qb8 11. Nb3 Ba7 12. Qg4 Kf8 13. Bf4 d6 14.
Nc3 Nf6 15. Qd1 Ne5 16. a4 b4 17. Nb1 Ke7 18. N1d2 Rd8 19. Na5 Kf8 20. Qe2 Kg8 21. Bxe5 dxe5 22. Ndc4 Bd4 23. Rac1 Bc8 24. Nc6 Qc7 25.
Nxd8 Qxd8 26. c3 bxc3 27. bxc3 Bc5 28. Red1 Qc7 29. a5 Bb7 30. Rb1 Bc6 31. Nb6 Bb5 32.
c4 Bc6 33. Kh1 Bd4 34. f3 Nd7 35. Nxd7 Bxd7 36. Qd2 Bc6 37. c5 Ba4 38. Rdc1 Rc8 39. Bf1 Qa7 40. Qb4 Bc6 41. Qb6 Qd7 42. Bxa6 Ra8 43.
Bb7 Bxb7 44. Qxb7 Qd8 45. c6 Rc8 46. c7 Qd7 47. Qxc8+ Qxc8 48. Rb8 Qxb8 49. cxb8=Q# 1-0

[Event "*** Titled Tuesday Blitz"]
[Site "Chess.com"]
[Date "2018.12.04"]
[Round "3"]
[White "FearNoEvil12"]
[Black "Karina_Oparina"]
[Result "1-0"]
[WhiteElo "1976"]
[BlackElo "2117"]
[TimeControl "180+2"]
[EndTime "13:37:56 PST"]
[Termination "FearNoEvil12 won by resignation"]

1. e4 c6 2. d3 d5 3. Nd2 e5 4. Ngf3 Bd6 5. Be2 Nf6 6. O-O O-O 7. c3 Nbd7 8. Qc2 Re8 9. Re1 Nf8 10. Bf1 Ng6 11. g3 h6 12. Bg2 Be6 13. d4 dxe4 14.
Nxe4 Nxe4 15. Qxe4 Bd5 16. Qc2 exd4 17. Rxe8+ Qxe8 18. c4 Be4 19. Qd1 c5 20. b3 Qc6 21. Ne1 Re8 22.
Bxe4 Qxe4 23. Bd2 Be5 24. Ng2 Bf6 25. Bf4 d3 26. Rb1 Bd4 27. Be3 Bxe3 28. Nxe3 Ne5 29. h4 Nf3+ 30. Kf1 Nd4 31. Kg1 Ne2+ 32. Kh2 Nc3 33. Qe1 Nxb1 34. Qxb1 d2 35. Qd1 Rd8 36. a4 Rd3 37. Nd5 Rxd5 38. cxd5 Qe1 39. Qg4 d1=Q 40. Qc8+ Kh7 41. Qf5+ Kg8 42. Qc8+ Qe8 43. Qxe8+ Kh7 44.
Qxf7 Qxb3 45. Qf5+ Kg8 46. d6 Qf7 47. Qc8+ Kh7 48. Kg1 c4 49. d7 1-0

[Event "*** Titled Tuesday Blitz"]
[Site "Chess.com"]
[Date "2018.12.04"]
[Round "3"]
[White "GreatDamnedRedSpot"]
[Black "AquivaRubinstein"]
[Result "0-1"]
[WhiteElo "2310"]
[BlackElo "2401"]
[TimeControl "180+2"]
[EndTime "13:37:56 PST"]
[Termination "AquivaRubinstein won by resignation"]

1. e4 c5 2. Nf3 Nf6 3. Nc3 d5 4. Bb5+ Nc6 5. exd5 Nxd5 6. Ne5 Qd6 7. Nxc6 bxc6 8. Be2 e5 9. O-O Be7 10. Nxd5 cxd5 11.
Bb5+ Bd7 12. Bxd7+ Qxd7 13. d3 O-O 14. c4 Rab8 15.
b3 a5 16. Bd2 Ra8 17. Bc3 d4 18. Bd2 a4 19. Qe2 Bd6 20. Qe4 Rfb8 21. Qd5 Qe6 22. Qc6 f5 23. g3 h6 24. Rfb1 Rc8 25. Qg2 e4 26. bxa4 Rxa4 27. Rb6 Qe7 28. Bf4 Bxf4 29. gxf4 Rca8 30. Re1 Rxa2 31. dxe4 Ra1 32. Rbb1 Rxb1 33. Rxb1 Qxe4 34. Qf1 Qxf4 35. Re1 Qg4+ 36. Kh1 Qf3+ 37. Kg1 d3 38. Re3 Qg4+ 39. Rg3 Qe2 40. Rxd3 Qb2 41. Rd1 f4 42. Qg2 Rf8 43. Qd5+ Kh8 44. Re1 Qf6 45. Re6 Qh4 46. Qd6 Rd8 47. Qxc5 Rd1+ 0-1

[Event "*** Titled Tuesday Blitz"]
[Site "Chess.com"]
[Date "2018.12.04"]
[Round "3"]
[White "Yurovskykh_Oleksandr"]
[Black "NateSolon"]
[Result "0-1"]
[WhiteElo "2492"]
[BlackElo "2500"]
[TimeControl "180+2"]
[EndTime "13:38:00 PST"]
[Termination "NateSolon won by resignation"]

1. d4 d5 2. Bg5 f6 3. Bf4 e5 4. dxe5 Nc6 5. Nf3 fxe5 6. Nxe5 Qf6 7. Nd3 Bf5 8. e3 O-O-O 9. c3 g5 10. Bg3 h5 11. h4 g4 12. Nd2 Bd6 13. Nf4 Nge7 14.
Qa4 Kb8 15. O-O-O Ne5 16. e4 Bd7 17. Qb3 Nf7 18. Nxd5 Nxd5 19. Bxd6 Nxd6 20. Qxd5 Qxf2 21. Qd4 Rhf8 22. Qxf2 Rxf2 23. e5 Nf5 24. Ne4 Rf4 25.
Nf6 Kc8 26. Bc4 Rxc4 27. Nxd7 Rxd7 28. Rdf1 Ne3 29. e6 Rd8 30. Re1 Re4 31. Re2 Rxe6 32. Rhe1 Rde8 33. b3 Kd7 34. Rd2+ Kc6 35. Rde2 g3 36.
Kd2 Rd8+ 37. Kc1 Rde8 38. Kd2 Nf1+ 39. Kd1 Rxe2 40. Rxe2 Rxe2 41. Kxe2 Nh2 42. Ke3 Kd5 43. Kf4 Nf1 44. Kg5 Ne3 45. Kf4 Nxg2+ 46. Kxg3 Nxh4 47. Kxh4 Ke4 48. Kxh5 Kd3 49. c4 Kc3 50. Kg5 Kb2 51. Kf5 Kxa2 52. b4 Kb3 0-1

[Event "*** Titled Tuesday Blitz"]
[Site "Chess.com"]
[Date "2018.12.04"]
[Round "3"]
[White "Jbd735"]
[Black "tigra"]
[Result "1-0"]
[WhiteElo "2510"]
[BlackElo "2761"]
[TimeControl "180+2"]
[EndTime "13:38:02 PST"]
[Termination "Jbd735 won by checkmate"]

1. e4 d5 2. exd5 Qxd5 3. Nc3 Qd6 4. d4 a6 5. g3 Nf6 6. Bg2 Bg4 7. Nge2 Nc6 8. Bf4 Qb4 9. O-O O-O-O 10. a3 Qxb2 11.
Bxc6 bxc6 12. Qd3 Qb7 13. Rfb1 Qa8 14. f3 Bh5 15. Rb2 c5 16. Rab1 Kd7 17. Rb7 Bg6 18. Qc4 Rc8 19. Qa4+ Kd8 20. dxc5 e5 21. Rd1+ Ke7 22.
Bxe5 Qxb7 23. Bxf6+ Ke6 24. Qd7+ Kxf6 25. Nd5+ Qxd5 26.
Qxd5 Bxc2 27. Qc6+ Kg5 28. Rd5+ f5 29. Nd4 Bb1 30. Qb7 Bxc5 31. Rxc5 Bd3 32. h4+ Kh6 33. Qc6+ g6 34. Qf6 Rhe8 35. Qg5+ Kg7 36. Nxf5+ Bxf5 37. Rxf5 Re1+ 38. Kg2 Rce8 39. Qf6+ Kg8 40. Qf7+ Kh8 41. Qf6+ Kg8 42. Rc5 R8e2+ 43. Kh3 Re6 44. Qd8+ Re8 45.
Qd5+ Kh8 46. Rxc7 h5 47. Qd4+ R8e5 48. Qd8+ Re8 49. Qf6+ Kg8 50. Qg7# 1-0

[Event "*** Titled Tuesday Blitz"]
[Site "Chess.com"]
[Date "2018.12.04"]
[Round "3"]
[White "Ravan_02"]
[Black "Antipov_Mikhail_Al"]
[Result "0-1"]
[WhiteElo "2491"]
[BlackElo "2791"]
[TimeControl "180+2"]
[EndTime "13:38:02 PST"]
[Termination "Antipov_Mikhail_Al won by resignation"]

1. d4 Nf6 2. c4 c6 3. Nf3 d5 4.
Nc3 a6 5. e3 Bf5 6. Be2 h6 7. Bd3 Bxd3 8. Qxd3 e6 9. O-O Bb4 10. Bd2 Ba5 11. Rfd1 Nbd7 12. Rab1 O-O 13. b4 Bc7 14. e4 Nb6 15. cxd5 cxd5 16. e5 Nfd7 17.
Bf4 Nc4 18. h4 f5 19. a4 Qe8 20. Ne2 b5 21. a5 Nb8 22. Bd2 Nc6 23. Nf4 Bd8 24. h5 Qf7 25. g3 Be7 26. Kg2 Rfc8 27. Bc3 Kf8 28. Rg1 Ke8 29. Kf1 Kd7 30. Ke2 Bf8 31.
g4 fxg4 32. Rxg4 Ne7 33. Nh4 Rc6 34. Nhg6 Nf5 35. Re1 Rac8 36. Kf3 Nxa5 37. Ba1 Bxb4 38. Rb1 Rc3 39. Bxc3 Rxc3 40. Rxb4 Rxd3+ 41. Nxd3 Nxd4+ 42. Ke3 Nc2+ 43. Kd2 Nxb4 44. Rxb4 Nc4+ 45. Ke2 Qf5 46. Nc5+ Kc6 47. Ne7+ Kxc5 48. Nxf5 Kxb4 49. Nxg7 Nxe5 50.
Nxe6 Kc4 51. f4 Nf7 52. Kd2 Nd6 53. Ng7 b4 54. f5 b3 55. f6 Ne4+ 56. Kc1 Nxf6 57.
Nf5 Ng4 58. Kb2 a5 59. Ka3 Kc3 60. Nd6 b2 61. Nb5+ Kc4 62. Nd6+ Kc5 63. Nb7+ Kb6 64. Kxb2 Kxb7 65. Kc3 Kc6 66. Kd4 a4 67. Kc3 Kc5 68. Kb2 Kb4 0-1

[Event "*** Titled Tuesday Blitz"]
[Site "Chess.com"]
[Date "2018.12.04"]
[Round "3"]
[White "sergiochess83"]
[Black "grzechu96"]
[Result "1-0"]
[WhiteElo "2764"]
[BlackElo "2523"]
[TimeControl "180+2"]
[EndTime "13:38:05 PST"]
[Termination "sergiochess83 won on time"]

1. e4 e5 2. Nf3 Nc6 3. Bb5 a6 4. Ba4 Nf6 5. O-O Be7 6. d3 b5 7. Bb3 d6 8. a3 Na5 9. Ba2 c5 10. Nc3 Be6 11. Bxe6 fxe6 12. Bd2 Nc6 13. Ne2 O-O 14.
Ng3 Qd7 15. b4 cxb4 16. axb4 d5 17. Qb1 dxe4 18. dxe4 Ne8 19. Rd1 Nd6 20. Bc3 Qa7 21.
Rd3 Nc4 22. Qe1 Rad8 23. Rad1 Qb6 24. h3 h6 25. Nf1 Kh7 26. N1h2 Qc7 27. Ng4 Rfe8 28.
Ne3 Nxe3 29. fxe3 Bf6 30. Qd2 Rxd3 31. cxd3 Qb6 32. Kf2 Rd8 33. Qa2 Be7 34. Qxe6 Rd6 35. Qb3 Qd8 36. Ke2 Bf6 37. g4 Qf8 38. h4 Be7 39. g5 Nd8 40. Nxe5 Qe8 41. g6+ Kh8 42. Rf1 Bf6 43. Nf7+ Nxf7 44. Qxf7 1-0

[Event "*** Titled Tuesday Blitz"]
[Site "Chess.com"]
[Date "2018.12.04"]
[Round "3"]
[White "TregubovP"]
[Black "josmito10"]
[Result "1-0"]
[WhiteElo "2588"]
[BlackElo "2682"]
[TimeControl "180+2"]
[EndTime "13:38:05 PST"]
[Termination "TregubovP won by resignation"]

1. d4 Nf6 2. c4 Nc6 3. Nf3 e6 4. Nc3 Bb4 5. Bd2 O-O 6. a3 Bxc3 7. Bxc3 Ne4 8. Qc2 Nxc3 9. Qxc3 a5 10. e4 d6 11. Rd1 Qe7 12. e5 dxe5 13. dxe5 f6 14.
Bd3 fxe5 15. O-O Rxf3 16. gxf3 Nd4 17. Kh1 Qf6 18. Be4 c6 19. Qd3 h6 20. Rg1 b6 21. Rg6 Qh4 22. Rdg1 Ra7 23. Qe3 Kh8 24. R6g4 Qh3 25. f4 Qxe3 26. fxe3 Nb3 27. fxe5 Nc5 28.
Bxc6 Rf7 29. Rf4 Rc7 30. Bf3 a4 31. Rd1 Kh7 32. Rd6 Bd7 33. Rxb6 Be8 34. Kg1 Rd7 35. Rd6 Rc7 36. Rf8 Bg6 37. Rc6 Rxc6 38. Bxc6 Nd3 39. Bxa4 Nxb2 40. Bb5 Nd3 41. a4 Nxe5 42. a5 Be4 43.
Re8 Nf3+ 44. Kf2 Ng5 45. h4 Nh3+ 46. Kg3 Ng1 47. Rxe6 Ne2+ 48. Kf2 Nc3 49. a6 Bf5 50. Re5 1-0

[Event "*** Titled Tuesday Blitz"]
[Site "Chess.com"]
[Date "2018.12.04"]
[Round "3"]
[White "b_6"]
[Black "KRASAVCHIK2002"]
[Result "0-1"]
[WhiteElo "2392"]
[BlackElo "2363"]
[TimeControl "180+2"]
[EndTime "13:38:05 PST"]
[Termination "KRASAVCHIK2002 won by resignation"]

1. d4 Nf6 2. Bf4 c5 3. e3 g6 4. c3 cxd4 5. cxd4 Bg7 6. Nc3 O-O 7.
Nf3 d6 8. Be2 Nh5 9. Bg5 h6 10.
Bh4 g5 11. Nd2 Nf6 12. Bg3 Nc6 13. O-O Bf5 14. Qb3 Rb8 15. Rac1 Qd7 16. Rfe1 a6 17.
a4 Bg6 18. h3 h5 19. Nf3 g4 20. hxg4 hxg4 21. Nh4 Be4 22. Red1 Rbc8 23. Bd3 Bxd3 24.
Rxd3 d5 25. Qb6 Nh5 26. Ne2 Nxg3 27. Nxg3 e6 28. Nh5 Qe7 29. g3 Rfd8 30. Nxg7 Kxg7 31. Rdc3 Rd7 32. Kf1 Rh8 33. Ke2 e5 34. dxe5 Qe6 35. Rd3 Nxe5 36. Qd4 f6 37. Rd2 Nc6 38. Qf4 d4 39.
Rxc6 bxc6 40. Rxd4 Rxd4 41. Qxd4 Rb8 42. b4 a5 43. bxa5 Rb1 44. Qd2 Qc4+ 45. Qd3 Rb2+ 0-1

[Event "*** Titled Tuesday Blitz"]
[Site "Chess.com"]
[Date "2018.12.04"]
[Round "3"]
[White "amintabatabaei"]
[Black "TigranLPetrosyan"]
[Result "1-0"]
[WhiteElo "2723"]
[BlackElo "2810"]
[TimeControl "180+2"]
[EndTime "13:38:09 PST"]
[Termination "amintabatabaei won on time"]

1. d4 g6 2. e4 Bg7 3. Nc3 d6 4.
Be3 a6 5. Qd2 b5 6. h4 h6 7. f3 Nd7 8. Nh3 c5 9. O-O-O Bb7 10.
g4 b4 11. Ne2 Qa5 12. Kb1 c4 13. c3 b3 14. axb3 cxb3 15. Nc1 Qa4 16. c4 Rb8 17.
Qc3 Ba8 18. Be2 Ngf6 19. g5 Nxe4 20. fxe4 Bxe4+ 21. Bd3 Bxh1 22. Rxh1 hxg5 23. Nxg5 Nc5 24. Be2 Qc6 25. Bf3 Qd7 26. Qa5 Qf5+ 27. Ka1 O-O 28. h5 Qc2 29. hxg6 Qxc4 30. gxf7+ Rxf7 31. Nxf7 Rb4 32. Qd8+ Kxf7 33. Bh5+ Kf6 34. Bg5+ Kf5 35. Bg6+ Kxg5 36. Qe8 Ra4+ 37. Kb1 Ra1+ 38. Kxa1 Nd3 39.
Bxd3 Qxd4 40. Rh2 Kf4 41. Qh5 Bf6 42. Rh4+ Bxh4 43. Qxh4+ Ke3 44. Qg3+ Kd2 45. Nxb3+ Kd1 46. Nxd4 1-0

[Event "*** Titled Tuesday Blitz"]
[Site "Chess.com"]
[Date "2018.12.04"]
[Round "3"]
[White "Robert_Chessmood"]
[Black "BlackBoarder"]
[Result "1-0"]
[WhiteElo "2945"]
[BlackElo "2510"]
[TimeControl "180+2"]
[EndTime "13:38:09 PST"]
[Termination "Robert_Chessmood won on time"]

1. e4 e6 2. d4 d5 3. Nc3 Bb4 4. exd5 exd5 5. Bd3 Nf6 6. Ne2 O-O 7. O-O Bg4 8. f3 Bh5 9. Nf4 Bxc3 10. bxc3 Bg6 11.
Nxg6 hxg6 12. Re1 Nbd7 13. Rb1 Nb6 14. Bg5 Re8 15. Qd2 Qd6 16. Bf4 Qd7 17. Re5 c6 18. Rbe1 Nc4 19. Bxc4 dxc4 20. Qe2 b5 21. Bg3 Kf8 22. a4 a6 23. h3 Kg8 24. axb5 axb5 25. Kh2 Rxe5 26. dxe5 Nd5 27. e6 Qxe6 28. Qxe6 fxe6 29.
Rxe6 Nxc3 30. Rxc6 Ra2 31. Be5 Rxc2 32. Rxg6 b4 33.
Rxg7+ Kf8 34. Rb7 b3 35. h4 Nd1 36. h5 Ne3 37. h6 Rxg2+ 38. Kh3 Rg5 39. h7 Rh5+ 40. Kg3 Nd5 41. h8=Q+ Rxh8 42. Bxh8 Ke8 43. f4 Kd8 44. f5 Kc8 45. Rb5 Ne3 46. f6 Kd7 47. f7 Ke7 48. Rb7+ Kf8 49. Bb2 1-0

[Event "*** Titled Tuesday Blitz"]
[Site "Chess.com"]
[Date "2018.12.04"]
[Round "3"]
[White "Oligan22"]
[Black "kasparik_garik"]
[Result "0-1"]
[WhiteElo "2255"]
[BlackElo "2506"]
[TimeControl "180+2"]
[EndTime "13:38:09 PST"]
[Termination "kasparik_garik won by resignation"]

1. e4 c5 2. Nf3 e6 3. d4 cxd4 4. Nxd4 a6 5. Nc3 b5 6. Bd3 Bb7 7. O-O Nc6 8. Nxc6 Bxc6 9. Re1 Bc5 10. e5 Qb6 11. Be3 f5 12. Qh5+ g6 13. Qh4 Bxe3 14.
fxe3 Qc5 15. Qd4 Qxd4 16. exd4 Ne7 17. a4 b4 18. Na2 a5 19. c3 bxc3 20. Nxc3 Rb8 21.
Nb5 Nd5 22. Rac1 Ke7 23. b3 Rb6 24. Bc4 Nb4 25. Red1 Rhb8 26. Nd6 Nd5 27. Re1 Nf4 28.
g3 Nh3+ 29. Kf1 Ng5 30. Kf2 Rxb3 31. Bxb3 Rxb3 32. Rc5 Nh3+ 33. Ke2 Rb2+ 34. Ke3 g5 35. Rxa5 f4+ 36. gxf4 gxf4+ 37. Kd3 f3 38. Rf1 f2 39.
Ne4 Rb3+ 40. Nc3 Bg2 41. Rxf2 Nxf2+ 42. Kc4 Rb2 43. Ra7 Bf1+ 44. Kc5 Nd3+ 0-1